 Dungeon Crawl Stone Soup version 0.29-a0-732-g3d7fbe0af2 (webtiles) character file.

Game seed: 4981306178311655186

445846 dolemite99 the Impregnable (level 25, -8/223 HPs)
             Began as a Formicid Fighter on June 30, 2022.
             Was an Elder of Okawaru.
             Mangled by a rockslime (23 damage)
             ... created by the Royal Jelly
             ... on level 5 of the Pits of Slime.
             The game lasted 01:37:13 (64731 turns).

dolemite99 the Impregnable (Formicid Fighter)      Turns: 64731, Time: 01:37:14

Health: -8/223     AC: 32    Str: 32    XL:     25   Next: 38%
Magic:  21/33      EV: 10    Int:  9    God:    Okawaru [****..]
Gold:   1831       SH:  0    Dex: 13    Spells: 20/24 levels left

rFire   + + .      SeeInvis +   a - +9 giant spiked club (spect)
rCold   + + .      Faith    +   (shield currently unavailable)
rNeg    . . .      Spirit   .   S - +6 gold dragon scales
rPois   +          Reflect  .   (helmet unavailable)
rElec   .          Harm     .   H - scarf {rC+ rF+}
rCorr   +          Rampage  .   n - +2 pair of gloves
Will    +++..                   t - +1 pair of boots of the Sufficient God {+Inv Regen+ rCorr}
Stlth   ..........              E - amulet "Cijonal" {Faith Regen+}
HPRegen 2.07/turn               f - ring of willpower
MPRegen 0.23/turn               g - ring of Finality {AC+4 Stlth+, =R}

@: heroic, finesse-ful, corroded, studying Air Magic
A: permanent stasis, dig shafts and tunnels, antennae 3, four strong arms
}: 2/15 runes: barnacled, gossamer
a: Dig, Shaft Self, Renounce Religion, Evoke Invisibility, Heroism, Finesse


You were on level 5 of the Pits of Slime.
You worshipped Okawaru.
Okawaru was greatly pleased with you.
You visited 9 branches of the dungeon, and saw 46 of its levels.
You also visited: Ice Cave.

You collected 5136 gold pieces.
You spent 3305 gold pieces at shops.

Inventory:

Hand Weapons
 a - a +9 spectral giant spiked club (weapon)
 b - the +8 giant club of Putrescence {flame, SInv}
   (Okawaru gifted it to you on level 4 of the Pits of Slime)

   It burns those it strikes, dealing additional fire damage.
   SInv:      It lets you see invisible.
Missiles
 o - 46 silver javelins (quivered)
 v - 22 javelins
 W - 8 throwing nets
 Y - 32 boomerangs
Armour
 n - a +2 pair of gloves (worn)
 t - the +1 pair of boots of the Sufficient God (worn) {+Inv Regen+ rCorr}
   (Okawaru gifted it to you on level 2 of the Orcish Mines)

   +Inv:      It lets you turn invisible.
   Regen:     It increases your rate of health regeneration.
   rCorr:     It protects you from acid and corrosion.
 H - a scarf of resistance (worn)
 S - +6 gold dragon scales (worn)
Jewellery
 f - a ring of willpower (left hand)
 g - the ring of Finality (right hand) {AC+4 Stlth+, =R}
   (You found it on level 6 of the Lair of Beasts)

   [ring of protection]

   AC:        It affects your AC (+4).
   Stlth:     It makes you more stealthy.
 s - a ring of protection from fire
 E - the amulet "Cijonal" (around neck) {Faith Regen+}
   (You bought it in a shop on level 4 of the Vaults)

   [amulet of faith]

   It allows you to gain divine favour quickly.
   Regen:     It increases your rate of health regeneration.
 M - a ring of protection from cold
 O - the ring "Atab" {Ice +Blink Dex+4 Slay+2}
   (You found it on level 12 of the Dungeon)

   [ring of ice]

   It enhances your ice magic.
   Dex:       It affects your dexterity (+4).
   Slay:      It affects your accuracy & damage with ranged weapons and melee
   (+2).
   rF:        It makes you vulnerable to fire.
   rC:        It protects you from cold.
   +Blink:    It lets you blink.
Wands
 q - a wand of mindburst (3)
 u - a wand of polymorph (6)
 x - a wand of quicksilver (18)
 B - a wand of iceblast (13)
 L - a wand of paralysis (45)
 Z - a wand of digging (15)
Scrolls
 d - 7 scrolls of immolation
 e - 5 scrolls of magic mapping
 h - 4 scrolls of fear
 m - 9 scrolls of silence
 w - 26 scrolls of identify {@r1}
 y - 10 scrolls of vulnerability
 z - 6 scrolls of poison
 D - 7 scrolls of fog
 I - 6 scrolls of amnesia
 K - 6 scrolls of teleportation
 R - 3 scrolls of enchant weapon
Potions
 c - 3 potions of magic {unknown}
 j - 4 potions of flight
 k - 16 potions of curing
 l - 5 potions of lignification
 p - 19 potions of ambrosia
 A - 8 potions of mutation
 F - 7 potions of degeneration
 G - 8 potions of brilliance
 J - 7 potions of haste
 P - 12 potions of attraction
 T - 7 potions of might
 V - 9 potions of cancellation
 X - a potion of resistance
Miscellaneous
 i - a lightning rod (4/4)
 r - a phantom mirror
 N - a tin of tremorstones (inert)
 Q - a condenser vane (inert)
 U - a phial of floods


   Skills:
 - Level 23.9(27) Fighting
 - Level 19.0(24.0) Maces & Flails
 - Level 15.4(20.4) Throwing
 - Level 24.3(27) Armour
 - Level 4.0(9.0) Shields
 - Level 5.3 Air Magic
 - Level 13.3 Invocations
 + Level 14.3 Evocations


You had 20 spell levels left.
You knew the following spells:

 Your Spells              Type           Power      Damage    Failure   Level
a - Poisonous Vapours     Pois/Air       8%         N/A       67%         2
b - Passwall              Tmut/Erth      0%         N/A       96%         2

Your spell library contained the following spells:

 Spells                   Type           Power      Damage    Failure   Level
 Static Discharge         Conj/Air       4%         N/A       67%         2
 Magic Dart               Conj           0%         1d3       88%         1
 Necrotize                Necr           0%         1d4       88%         1
 Sandblast                Erth           0%         2d4       88%         1
 Sting                    Tmut/Pois      0%         1d3       88%         1
 Airstrike                Air            4%         N/A       91%         4
 Mephitic Cloud           Conj/Pois/Air  3%         N/A       95%         3
 Searing Ray              Conj           0%         2d4       96%         2
 Wereblood                Tmut           0%         N/A       96%         2
 Conjure Flame            Conj/Fire      0%         6-21      99%         3
 Gell's Gravitas          Tloc           0%         N/A       99%         3
 Ignite Poison            Fire/Tmut/Pois 0%         N/A       99%         3
 Lesser Beckoning         Tloc           0%         N/A       99%         3
 Ozocubu's Armour         Ice            0%         N/A       99%         3
 Spider Form              Tmut/Pois      0%         N/A       99%         3
 Stone Arrow              Conj/Erth      0%         3d7       99%         3
 Teleport Other           Tloc           0%         N/A       99%         3
 Vampiric Draining        Necr           0%         2d6       99%         3
 Cause Fear               Hex            0%         N/A       100%        4
 Fulminant Prism          Conj/Hex       0%         3d6       100%        4
 Leda's Liquefaction      Hex/Erth       0%         N/A       100%        4
 Olgreb's Toxic Radiance  Pois           0%         N/A       100%        4
 Sticky Flame             Conj/Fire      0%         2d3       100%        4
 Agony                    Necr           0%         N/A       100%        5
 Alistair's Intoxication  Tmut/Pois      0%         N/A       100%        5
 Blade Hands              Tmut           0%         N/A       100%        5
 Borgnjor's Vile Clutch   Necr/Erth      0%         N/A       100%        5
 Fireball                 Conj/Fire      0%         3d3       100%        5
 Freezing Cloud           Conj/Ice/Air   1%         6-21      100%        5
 Irradiate                Conj/Tmut      0%         3d13      100%        5
 Lee's Rapid Deconstruct  Erth           0%         3d5*      100%        5
 Lightning Bolt           Conj/Air       2%         1d13      100%        5
 Metabolic Englaciation   Hex/Ice        0%         N/A       100%        5
 Eringya's Noxious Bog    Tmut/Pois      0%         N/A       100%        6
 Iron Shot                Conj/Erth      0%         9d1       100%        6
 Starburst                Conj/Fire      0%         6d3       100%        6
 Statue Form              Tmut/Erth      0%         N/A       100%        6
 Dragon Form              Tmut           0%         N/A       100%        7
 Lehudib's Crystal Spear  Conj/Erth      0%         10d2      100%        8
 Maxwell's Capacitive Co  Air            4%         ∞         100%        8
 Necromutation            Tmut/Necr      0%         N/A       100%        8
 Fire Storm               Conj/Fire      0%         5d1       100%        9
 Polar Vortex             Ice            0%         N/A       100%        9
 Blink                    Tloc           Unusable   N/A       N/A         2
 Call Imp                 Summ           Unusable   N/A       N/A         2
 Summon Lightning Spire   Summ/Air       Unusable   N/A       N/A         4
 Animate Armour           Summ/Erth      Unusable   N/A       N/A         4
 Simulacrum               Ice/Necr       Unusable   N/A       N/A         6
 Dragon's Call            Summ           Unusable   N/A       N/A         9

Dungeon Overview and Level Annotations

Branches:
Dungeon (15/15)            Temple (0/1) D:4            Lair (6/6) D:8
 Shoals (4/4) Lair:2       Spider (4/4) Lair:2        Slime (5/5) Lair:5
    Orc (2/2) D:11            Elf (2/3) Orc:2        Vaults (4/5) D:14
  Crypt (0/3) Vaults:3     Depths (4/4) D:15            Zot (0/5) Depths:4
  IceCv (visited)

Altars:
Cheibriados
Dithmenos
Elyvilon
Makhleb
Nemelex Xobeh
Okawaru
Qazlal
Sif Muna
Trog
Vehumet
Yredelemnul
Jiyva

Shops:
D:5 *   D:14 :   D:15 ?=!   Orc:2 =*(![?   Elf:1 :=   Shoals:2 (   Vaults:1 *
Vaults:2 (   Vaults:3 (   Vaults:4 [==*?   Depths:1 :=:

Portals:
Hell: Depths:1 Depths:2 Depths:3 Depths:4
Abyss: Depths:3
Pandemonium: Depths:2
Ziggurat: Depths:1

Annotations:
Slime:5 Royal Jelly
Elf:2 3 runed translucent doors
Depths:3 2 transporters
Depths:4 6 runed translucent doors


Innate Abilities, Weirdness & Mutations

You cannot be hasted, slowed, berserked, paralysed or teleported.
You can dig through walls and to a lower floor.
You have a pair of large antennae on your head. (SInv)
Your four strong arms can wield two-handed weapons with a shield.


Message History

The tin is emptied!
The Royal Jelly shudders violently.
The Royal Jelly spits out three more jellies.
The acid blob hits you.
You are splashed with acid.
You resist.
* * * LOW HITPOINT WARNING * * *
You feel much better. The azure jelly closely misses you. x2
The azure jelly hits you but does no damage.
The azure jelly barely misses you. The acid blob hits you!
You are splashed with acid.
You resist. The very large slime creature hits you!
* * * LOW HITPOINT WARNING * * *
The acid blob hits you but does no damage.
The azure jelly barely misses you. The azure jelly hits you.
* * * LOW HITPOINT WARNING * * *
The azure jelly freezes you! You resist.
* * * LOW HITPOINT WARNING * * *
The azure jelly hits you but does no damage.
The azure jelly hits you.
* * * LOW HITPOINT WARNING * * *
You feel much better.
The acid blob hits you but does no damage.
The very large slime creature hits you but does no damage.
The azure jelly hits you but does no damage.
The azure jelly barely misses you. The azure jelly closely misses you.
The azure jelly hits you but does no damage.
The acid blob hits you but does no damage.
Clouds of thunder condense around you!
The condenser dries out!
The very large slime creature is struck by lightning.
The very large slime creature hits you!!
* * * LOW HITPOINT WARNING * * *
The azure jelly hits you but does no damage. x2
The azure jelly barely misses you. The azure jelly hits you.
* * * LOW HITPOINT WARNING * * *
The acid blob hits you!
* * * LOW HITPOINT WARNING * * *
The acid corrodes you!
You are splashed with acid.
You resist.
* * * LOW HITPOINT WARNING * * *
You impale the very large slime creature!!
You kill the very large slime creature!
Okawaru accepts your kill. The rockslime hits you!!
You die...

,,,,,,,,,,.......................
,,,,,,,,,,.......................
,,,,,,,,,,.......................
,,,,,,,,,,.......................
,,,,,,,,,,.......................
,,,,,,,,,,,..#.#.§##.............
,,,,,,,,,,,,*####J####...........
,,,,,,,,,,***,*#JJ#*,*#.....,,,,,
,,,,,,,,,***,,,#@##,,,*#....,,,,,
,,,,,,,,***,,,*#J§#*,,,*##..,,,,,
,,,,,^,***!=[=!##J#[:φ[$#**.,,,,,
,,,,,,,***/(})##JJ##?=(?#*,,,,,,,
,,,,,,,,**#$$#)#J##}#?(##*,,,,,,,
,,,,,,,***######J.######***,,,,,,
,,,,,,,,*,..#........#..,*,,,,,,,
,,,,,,,,,,#...#._..#...#.,,,,,,,,
,,,,,,,,**######..######***,,,,,,


You could see the Royal Jelly, 3 acid blobs, an azure jelly, 3 rockslimes and a
quicksilver ooze.

Vanquished Creatures
  Dissolution (Slime:4)
  Saint Roka (Orc:2)
  4 golden dragons
  2 bone dragons (Depths:4)
  Nikola (Spider:2)
  A tentacled monstrosity (Depths:4)
  Mlioglotl (Spider:3)
  A walking crystal tome (Depths:2)
  3 titans
  A lich (Depths:1)
  Asterion (Spider:2)
  A walking frostbound tome (Depths:2)
  A quicksilver dragon (Depths:2)
  13 acid blobs
  Polyphemus (Shoals:4)
  Ilsuiw (Shoals:2)
  4 sphinxes
  3 shadow dragons (Depths:4)
  2 draconian knights (Depths:4)
  6 azure jellies
  6 frost giants
  2 storm dragons
  3 tengu reavers
  4 fire giants
  14 vault wardens
  5 rockslimes
  2 orc warlords
  2 balrugs (Depths:2)
  3 emperor scorpions
  A ghost moth (Spider:4)
  A draconian shifter (Depths:4)
  13 ironbound preservers
  6 broodmothers
  6 quicksilver oozes
  4 reapers (IceCv)
  15 ironbound thunderhulks
  20 very ugly things
  7 stone giants
  Nessos (Lair:6)
  A green draconian (Depths:4)
  3 vampire knights
  2 deep elf annihilators (Elf:2)
  6 red draconians (Depths:4)
  A yellow draconian (Depths:4)
  6 dire elephants
  6 spark wasps
  2 black draconians (Depths:4)
  4 entropy weavers
  2 minotaurs (Shoals:4)
  2 purple draconians (Depths:4)
  8 ettins
  A crystal guardian (Vaults:3)
  4 white draconians (Depths:4)
  Josephine (Orc:2)
  3 merfolk javelineers
  4 merfolk impalers
  A deep elf high priest (Elf:2)
  6 great orbs of eyes
  Fannar (Lair:3)
  A deep elf death mage (Vaults:3)
  11 fire dragons
  10 yaktaur captains
  10 ice dragons
  5 vault guards
  6 boulder beetles
  3 caustic shrike simulacra (IceCv)
  A peacekeeper (Vaults:3)
  8 ogre magi
  2 ghost crabs (Spider:2)
  3 radroaches
  An alligator snapping turtle (Shoals:4)
  9 hydras
  A rakshasa (Depths:1)
  17 two-headed ogres
  3 catoblepae
  9 merfolk aquamancers
  3 spriggan air magi
  5 ironbound frosthearts
  6 jorogumos
  Erica (Orc:1)
  2 death knights (Vaults:3)
  12 centaur warriors
  3 merfolk avatars
  A death scarab (Spider:1)
  8 satyrs (Shoals:4)
  6 tengu warriors
  4 deep troll earth magi
  8 death yaks
  7 deep troll shamans
  3 spriggan berserkers
  15 dancing weapons
  2 deep elf knights (Elf:1)
  2 orc high priests
  8 hell knights
  2 spriggans (Depths:2)
  Urug (Orc:2)
  Nergalle (Lair:4)
  A fire crab (Vaults:1)
  16 skeletal warriors
  4 iron trolls (Depths:1)
  18 sea snakes
  A shadow wraith (Vaults:3)
  7 pharaoh ants
  3 sun moths (Spider:1)
  40 deep trolls
  An obsidian statue (IceCv)
  A glowing orange brain (Vaults:1)
  A bog body (IceCv)
  A death drake (Vaults:1)
  5 steelbarb worms
  8 orb spiders
  An orange crystal statue (IceCv)
  2 phantasmal warriors (Depths:1)
  2 lindwurms
  5 wizards
  6 deep elf archers
  23 ugly things
  25 ironbound convokers
  25 harpies
  15 deep elf pyromancers
  11 fauns
  5 spriggan simulacra (IceCv)
  11 deep elf zephyrmancers
  5 necromancers
  A tengu zombie (Depths:1)
  A mana viper (Vaults:1)
  11 orc knights
  20 wolf spiders
  11 cyclopes
  17 manticores
  2 shining eyes
  A fire giant zombie (Depths:1)
  An iron dragon skeleton (Depths:1)
  A frost giant zombie (Vaults:4)
  3 orc sorcerers
  2 worldbinders (Vaults:1)
  13 elephants
  3 moths of wrath
  A frost giant skeleton (Depths:1)
  3 naga magi (Vaults:1)
  4 torpor snails
  4 water nymphs
  21 vault sentinels
  3 eyes of devastation
  8 black mambas
  17 merfolk sirens
  2 molten gargoyles (Vaults:1)
  A gargoyle (D:11)
  An ice statue (Spider:3)
  5 demonic crawlers
  An unseen horror (D:12)
  3 kobold demonologists
  14 cane toads
  28 yaktaurs
  8 rime drakes
  An anaconda simulacrum (IceCv)
  3 tengu conjurers
  3 efreet
  6 freezing wraiths (IceCv)
  An ice devil (IceCv)
  A red devil (Depths:2)
  An entropy weaver simulacrum (IceCv)
  11 komodo dragons
  A queen bee (Lair:5)
  5 harpy zombies (Shoals:2)
  A merfolk (shapeshifter) (Elf:1)
  17 trolls
  3 meliai (Lair:5)
  6 wind drakes
  22 merfolk
  22 tarantellas
  7 blink frogs
  7 tyrant leeches
  4 hornets
  4 polar bears
  A slime creature (shapeshifter) (Depths:4)
  5 snapping turtles
  93 slime creatures
  32 dream sheep
  17 jumping spiders
  2 shadows
  A yak (shapeshifter) (Elf:2)
  2 air elementals (Elf:1)
  7 wyverns
  7 wraiths
  21 culicivoras
  2 vampires (D:10)
  34 water elementals
  4 basilisks
  55 yaks
  3 fire elementals
  A hog (Vaults:1)
  41 redbacks
  3 steam dragons
  21 vampire mosquitoes
  An elf skeleton (Vaults:4)
  4 minotaur simulacra (IceCv)
  3 harpy simulacra (IceCv)
  5 wargs
  3 acid dragons
  18 water moccasins
  A sky beast (D:7)
  An alligator simulacrum (IceCv)
  2 floating eyes (Slime:4)
  2 black bears
  27 ogres
  21 orc warriors
  3 ice beasts
  A manticore zombie (Shoals:2)
  37 wolves
  10 boggarts
  22 centaurs
  A phantom (D:4)
  A human zombie (Vaults:4)
  7 kobold brigands
  15 bullfrogs
  2 earth elementals (Elf:2)
  6 scorpions
  Blork the orc (D:4)
  2 necrophages
  2 deep troll simulacra (IceCv)
  10 wights
  17 killer bees
  3 howler monkeys (D:9)
  2 electric eels
  A vampire bat (Vaults:1)
  A human simulacrum (Vaults:4)
  2 lava snakes (Vaults:1)
  5 hounds
  2 gnoll shamans
  2 jellies
  10 orc priests
  5 iguanas
  16 orc wizards
  18 gnolls
  6 adders
  4 white imps
  An ufetubus (D:6)
  A worm (D:3)
  2 dart slugs (D:3)
  57 orcs
  7 ball pythons
  5 bats
  8 endoplasms
  4 giant cockroaches
  6 hobgoblins
  8 jackals
  18 kobolds
  4 quokkas
  5 frilled lizards
  11 goblins
  5 rats
  2 plants
1806 creatures vanquished.

Vanquished Creatures (others)
  A merfolk impaler (Shoals:2)
  A merfolk aquamancer (Shoals:1)
  A hell knight (Depths:3)
  A water elemental (Depths:1)
  2 redbacks
  An ogre (D:14)
  An orc (Orc:1)
  A bush (Lair:5)
  62 fungi
  125 plants
  4 tentacles (Shoals:4)
200 creatures vanquished.

Grand Total: 2006 creatures vanquished

Notes
Turn   | Place    | Note
-------+----------+-------------------------------------------
     0 | D:1      | dolemite99 the Formicid Fighter began the quest for the
                  | Orb.
     0 | D:1      | Reached XP level 1. HP: 18/18 MP: 1/1
    22 | D:1      | Reached XP level 2. HP: 24/24 MP: 2/2
   376 | D:1      | Reached XP level 3. HP: 29/29 MP: 3/3
  1153 | D:2      | Reached XP level 4. HP: 35/35 MP: 4/4
  1700 | D:2      | Found a faded altar of an unknown god.
  2017 | D:3      | Reached XP level 5. HP: 23/41 MP: 5/5
  2026 | D:3      | Reached skill level 5 in Maces & Flails
  2564 | D:3      | Found an iron altar of Okawaru.
  2572 | D:3      | Became a worshipper of Warmaster Okawaru
  4145 | D:3      | Reached XP level 6. HP: 44/47 MP: 6/6
  4941 | D:4      | Reached XP level 7. HP: 34/52 MP: 7/7
  5545 | D:4      | Found a staircase to the Ecumenical Temple.
  5548 | D:4      | Noticed Blork the orc
  5565 | D:4      | Killed Blork the orc
  5565 | D:4      | Reached * piety under Okawaru
  6113 | D:5      | Entered Level 5 of the Dungeon
  6135 | D:5      | Reached XP level 8. HP: 58/58 MP: 8/8
  6227 | D:5      | Found Opi Mupp's General Store.
  6254 | D:5      | Bought a scroll of fear for 49 gold pieces
  6254 | D:5      | Bought a scroll of identify for 28 gold pieces
  6254 | D:5      | Identified a scroll of acquirement
  6258 | D:5      | Acquired a +7 spectral giant spiked club
  6554 | D:5      | Found a snail-covered altar of Cheibriados.
  6909 | D:6      | Reached ** piety under Okawaru
  7039 | D:6      | Reached skill level 10 in Maces & Flails
  7117 | D:6      | You fall into a shaft and drop 1 floor!
  7266 | D:7      | Reached XP level 9. HP: 33/64 MP: 9/9
  7612 | D:7      | Reached *** piety under Okawaru
  7764 | D:6      | Found a bloodstained altar of Trog.
  9282 | D:7      | Reached **** piety under Okawaru
  9596 | D:8      | Reached XP level 10. HP: 53/70 MP: 8/10
  9768 | D:8      | Noticed a komodo dragon
  9775 | D:8      | Killed a komodo dragon
  9992 | D:8      | Reached ***** piety under Okawaru
 10636 | D:8      | Found a sparkling altar of Nemelex Xobeh.
 10653 | D:8      | Found a shimmering blue altar of Sif Muna.
 10653 | D:8      | Found a basalt altar of Yredelemnul.
 10654 | D:8      | Found a radiant altar of Vehumet.
 10729 | D:8      | Found a staircase to the Lair.
 10846 | Lair:1   | Entered Level 1 of the Lair of Beasts
 10882 | Lair:1   | Reached skill level 15 in Maces & Flails
 10993 | Lair:1   | Noticed a komodo dragon
 10998 | Lair:1   | Killed a komodo dragon
 11128 | Lair:1   | Noticed a cane toad
 11134 | Lair:1   | Killed a cane toad
 11135 | Lair:1   | Reached XP level 11. HP: 60/75 MP: 8/11
 11295 | Lair:1   | Received a gift from Okawaru
 12683 | Lair:2   | Reached skill level 1 in Invocations
 13109 | Lair:2   | Found a hole to the Spider Nest.
 13228 | Lair:2   | Identified the +3 ring mail of the Valley of Death {-Cast
                  | Str+3} (Okawaru gifted it to you on level 2 of the Lair of
                  | Beasts)
 13228 | Lair:2   | Received a gift from Okawaru
 13229 | Lair:2   | Reached XP level 12. HP: 21/81 MP: 12/15
 13230 | Lair:2   | Reached skill level 5 in Invocations
 13941 | Lair:2   | Found a staircase to the Shoals.
 14017 | Lair:2   | Reached skill level 5 in Fighting
 15096 | Lair:3   | Noticed Fannar
 15105 | Lair:3   | Killed Fannar
 15106 | Lair:3   | Reached skill level 4 in Armour
 15255 | Lair:3   | Reached skill level 5 in Armour
 15725 | Lair:4   | Noticed Nergalle
 16132 | Lair:4   | Killed Nergalle
 16133 | Lair:4   | Reached skill level 6 in Armour
 16429 | Lair:4   | Reached skill level 7 in Armour
 16478 | Lair:4   | Reached skill level 1 in Evocations
 16581 | Lair:4   | Reached skill level 5 in Evocations
 16581 | Lair:4   | Reached XP level 13. HP: 96/96 MP: 13/16
 17145 | Lair:4   | Noticed a seven-headed hydra
 17149 | Lair:4   | Killed a seven-headed hydra
 17774 | Lair:5   | Reached skill level 1 in Throwing
 17803 | Lair:5   | Noticed a seven-headed hydra
 17811 | Lair:5   | Killed a seven-headed hydra
 17811 | Lair:5   | Identified the +1 buckler of Cibu {+Inv rF+ rN+} (Okawaru
                  | gifted it to you on level 5 of the Lair of Beasts)
 17811 | Lair:5   | Received a gift from Okawaru
 17958 | Lair:5   | Reached skill level 5 in Throwing
 18170 | Lair:5   | Got Qaenes's Compendium of Dislocation and Execration
 18421 | Lair:5   | Found a staircase to the Slime Pits.
 18790 | Lair:5   | Identified the +4 plate armour of the Hills {Str+2}
                  | (Okawaru gifted it to you on level 5 of the Lair of Beasts)
 18790 | Lair:5   | Received a gift from Okawaru
 19178 | Lair:6   | Entered Level 6 of the Lair of Beasts
 19182 | Lair:6   | Noticed a seven-headed hydra
 19192 | Lair:6   | Killed a seven-headed hydra
 19193 | Lair:6   | Reached skill level 10 in Fighting
 19199 | Lair:6   | Reached XP level 14. HP: 111/111 MP: 13/17
 19634 | Lair:6   | Reached skill level 8 in Armour
 19880 | Lair:6   | Reached skill level 9 in Armour
 19926 | Lair:6   | Noticed Nessos
 19933 | Lair:6   | Killed Nessos
 19933 | Lair:6   | Received a gift from Okawaru
 19980 | Lair:6   | Reached skill level 10 in Armour
 19982 | Lair:6   | Received a gift from Okawaru
 19997 | Lair:6   | Reached skill level 11 in Armour
 20355 | Lair:6   | Identified the +3 plate armour of Okawaru's Esteem {rPois
                  | Regen+} (Okawaru gifted it to you on level 6 of the Lair of
                  | Beasts)
 20355 | Lair:6   | Received a gift from Okawaru
 20356 | Lair:6   | Reached skill level 12 in Armour
 20671 | Lair:6   | Identified the +3 trident of Summertime {elec, Str+2 Dex+4}
 20679 | Lair:6   | Identified the ring of Finality {AC+4 Stlth+}
 21367 | D:9      | Found the +4 skin of Zhor {*Englaciate rC+++ SInv}
 21623 | D:9      | Reached XP level 15. HP: 119/119 MP: 15/18
 21801 | D:9      | Reached skill level 13 in Armour
 22590 | D:9      | Reached skill level 14 in Armour
 23110 | D:10     | Entered Level 10 of the Dungeon
 23179 | D:10     | Found the +8 Vampire's Tooth {vamp}
 23588 | D:10     | Found a stormy altar of Qazlal.
 23969 | D:10     | Found a white marble altar of Elyvilon.
 24553 | D:11     | Found a staircase to the Orcish Mines.
 25660 | Orc:1    | Entered Level 1 of the Orcish Mines
 25669 | Orc:1    | Noticed Erica
 25680 | Orc:1    | Killed Erica
 25682 | Orc:1    | Received a gift from Okawaru
 26572 | Orc:2    | Entered Level 2 of the Orcish Mines
 26627 | Orc:2    | Noticed Saint Roka
 26924 | Orc:2    | Killed Saint Roka
 26932 | Orc:2    | Received a gift from Okawaru
 27086 | Orc:2    | Noticed Josephine
 27089 | Orc:2    | Found a burning altar of Makhleb.
 27093 | Orc:2    | Killed Josephine
 27101 | Orc:2    | Noticed Urug
 27136 | Orc:2    | Killed Urug
 27152 | Orc:2    | Identified the +1 pair of boots of the Sufficient God {+Inv
                  | Regen+ rCorr} (Okawaru gifted it to you on level 2 of the
                  | Orcish Mines)
 27152 | Orc:2    | Received a gift from Okawaru
 27434 | Orc:2    | Reached skill level 15 in Fighting
 27446 | Orc:2    | Reached XP level 16. HP: 135/136 MP: 19/19
 27548 | Orc:2    | Found Gussym's General Store.
 27549 | Orc:2    | Found a staircase to the Elven Halls.
 27588 | Orc:2    | Found Zeunamuo's Antique Armour Boutique.
 27660 | Orc:2    | Found Waborgh's Jewellery Emporium.
 27679 | Orc:2    | Found Zoqem's Weapon Boutique.
 27682 | Orc:2    | Found Idwou's Distillery.
 27736 | Orc:2    | Found Locahaf's Magic Scroll Shoppe.
 27957 | Orc:2    | Bought a scroll of identify for 32 gold pieces
 27957 | Orc:2    | Bought a scroll of enchant weapon for 120 gold pieces
 27957 | Orc:2    | Bought a scroll of magic mapping for 56 gold pieces
 27957 | Orc:2    | Bought a scroll of magic mapping for 56 gold pieces
 27982 | Orc:2    | Bought a +4 ring of evasion for 540 gold pieces
 28042 | Orc:2    | Bought a potion of curing for 42 gold pieces
 28042 | Orc:2    | Bought a potion of curing for 42 gold pieces
 28042 | Orc:2    | Bought a potion of attraction for 42 gold pieces
 28042 | Orc:2    | Bought a potion of lignification for 42 gold pieces
 28042 | Orc:2    | Bought a potion of heal wounds for 70 gold pieces
 28076 | Orc:2    | Bought a potion of invisibility for 96 gold pieces
 28506 | D:12     | Identified the ring "Atab" {Ice +Blink Dex+4 Slay+2}
 29370 | D:13     | Found a sparkling altar of Nemelex Xobeh.
 29678 | D:14     | Received a gift from Okawaru
 29815 | D:14     | Found Mug Womn's Self-Improvement Boutique.
 30161 | D:14     | Received a gift from Okawaru
 30173 | D:14     | Found a gate to the Vaults.
 30347 | D:14     | Received a gift from Okawaru
 30835 | D:15     | Entered Level 15 of the Dungeon
 30871 | D:15     | Reached XP level 17. HP: 93/147 MP: 20/20
 30872 | D:15     | Received a gift from Okawaru
 30914 | D:15     | Found Vaam's Jewellery Boutique.
 30936 | D:15     | Received a gift from Okawaru
 31222 | D:15     | Found a staircase to the Depths.
 31435 | D:15     | Received a gift from Okawaru
 31440 | D:15     | Reached skill level 10 in Throwing
 31452 | D:15     | Reached skill level 10 in Evocations
 31696 | D:15     | Found a shadowy altar of Dithmenos.
 31741 | D:15     | Found Luic's Magic Scroll Boutique.
 31811 | D:15     | Found Eshysm's Distillery.
 31817 | D:15     | Bought a potion of heal wounds for 85 gold pieces
 31817 | D:15     | Bought a potion of curing for 51 gold pieces
 32283 | Spider:1 | Entered Level 1 of the Spider Nest
 32430 | Spider:1 | Received a gift from Okawaru
 33208 | Spider:2 | Noticed Asterion
 33218 | Spider:2 | Killed Asterion
 33272 | Spider:2 | Reached XP level 18. HP: 155/155 MP: 21/21
 33394 | Spider:2 | Received a gift from Okawaru
 33424 | Spider:2 | Received a gift from Okawaru
 33666 | Spider:2 | Received a gift from Okawaru
 33735 | Spider:2 | Noticed Nikola
 33749 | Spider:2 | Killed Nikola
 34285 | Spider:3 | Received a gift from Okawaru
 34356 | Spider:3 | Noticed Mlioglotl
 34365 | Spider:3 | Killed Mlioglotl
 34388 | Spider:2 | Learned a level 2 spell: Poisonous Vapours
 34391 | Spider:2 | Learned a level 2 spell: Passwall
 34651 | Spider:3 | Found a frozen archway.
 34663 | IceCv    | Entered an ice cave
 34698 | IceCv    | Received a gift from Okawaru
 34709 | IceCv    | Received a gift from Okawaru
 34732 | IceCv    | Reached skill level 15 in Throwing
 35146 | IceCv    | Received a gift from Okawaru
 35360 | IceCv    | Reached skill level 1 in Air Magic
 35391 | IceCv    | Identified the +2 rapier "Hejomneste" {protect, rC+}
 35839 | Spider:4 | Entered Level 4 of the Spider Nest
 35896 | Spider:4 | Reached skill level 5 in Air Magic
 36644 | Shoals:1 | Entered Level 1 of the Shoals
 36768 | Shoals:1 | Received a gift from Okawaru
 36861 | Shoals:1 | Received a gift from Okawaru
 36863 | Shoals:1 | Reached XP level 19. HP: 78/161 MP: 22/22
 37360 | Shoals:2 | Received a gift from Okawaru
 37510 | Shoals:2 | Noticed Ilsuiw
 37530 | Shoals:2 | Found Qujaotec's Weapon Shop.
 37535 | Shoals:2 | Killed Ilsuiw
 37535 | Shoals:2 | Received a gift from Okawaru
 37810 | Shoals:2 | You fall into a shaft and drop 1 floor!
 37882 | Shoals:3 | Received a gift from Okawaru
 37980 | Shoals:3 | Received a gift from Okawaru
 38016 | Shoals:3 | Received a gift from Okawaru
 38185 | Shoals:3 | Received a gift from Okawaru
 39989 | Spider:4 | Received a gift from Okawaru
 40151 | Spider:4 | Reached XP level 20. HP: 168/171 MP: 21/23
 40396 | Spider:4 | Got a gossamer rune of Zot
 40684 | Shoals:4 | Entered Level 4 of the Shoals
 40688 | Shoals:4 | Received a gift from Okawaru
 41012 | Shoals:4 | Reached skill level 15 in Armour
 41024 | Shoals:4 | Received a gift from Okawaru
 41130 | Shoals:4 | Received a gift from Okawaru
 41140 | Shoals:4 | Noticed Polyphemus
 41147 | Shoals:4 | Killed Polyphemus
 41353 | Shoals:4 | Reached skill level 16 in Armour
 41553 | Shoals:4 | Identified the +4 giant club of Big Damage {vamp, rC+ rN+
                  | Str+2 Dex+3} (Okawaru gifted it to you on level 4 of the
                  | Shoals)
 41553 | Shoals:4 | Received a gift from Okawaru
 41899 | Shoals:4 | Got a barnacled rune of Zot
 42670 | Vaults:1 | Entered Level 1 of the Vaults
 43031 | Vaults:1 | Reached skill level 17 in Armour
 43260 | Vaults:1 | Found Daharch's Assorted Antiques.
 43494 | Vaults:1 | Bought a scroll of magic mapping for 112 gold pieces
 43764 | Vaults:1 | Reached skill level 18 in Armour
 43805 | Vaults:1 | Reached XP level 21. HP: 176/182 MP: 21/24
 43953 | Vaults:1 | Got the Tome of Poisoning
 44066 | Vaults:1 | Received a gift from Okawaru
 44584 | Vaults:1 | Received a gift from Okawaru
 44719 | Vaults:1 | Got the Volume of Fire
 44875 | Vaults:1 | Got the Handbook of Shape Shifting
 45005 | Vaults:2 | Reached skill level 19 in Armour
 45077 | Vaults:2 | Received a gift from Okawaru
 45108 | Vaults:2 | Received a gift from Okawaru
 45135 | Vaults:2 | Received a gift from Okawaru
 45680 | Vaults:2 | Reached skill level 20 in Armour
 45957 | Vaults:2 | You fall into a shaft and drop 1 floor!
 46611 | Vaults:3 | Received a gift from Okawaru
 46621 | Vaults:3 | Received a gift from Okawaru
 47003 | Vaults:3 | Reached skill level 21 in Armour
 47011 | Vaults:3 | Received a gift from Okawaru
 47029 | Vaults:3 | Identified the +3 ring mail of the Thinker {rCorr} (Okawaru
                  | gifted it to you on level 3 of the Vaults)
 47029 | Vaults:3 | Received a gift from Okawaru
 47034 | Vaults:3 | Reached XP level 22. HP: 189/189 MP: 23/25
 47615 | Vaults:3 | Found Jiehoh's Weapon Emporium.
 47718 | Vaults:3 | Found a staircase to the Crypt.
 47755 | Vaults:3 | Reached skill level 22 in Armour
 48207 | Vaults:2 | Found Ratuf's Weapon Shoppe.
 48695 | Vaults:4 | Found Qefeappo's Armour Shoppe.
 48877 | Vaults:4 | Received a gift from Okawaru
 48878 | Vaults:4 | Reached skill level 23 in Armour
 49075 | Vaults:4 | Found Nyosh's Assorted Antiques.
 49680 | Vaults:4 | Found Lynwar's Jewellery Boutique.
 50117 | Vaults:4 | Found Taidwam's Jewellery Shoppe.
 50125 | Vaults:4 | Bought the amulet "Cijonal" {Faith Regen+} for 705 gold
                  | pieces
 50288 | Vaults:4 | Reached skill level 24 in Armour
 50785 | Vaults:4 | Found Faqitupn's Magic Scroll Emporium.
 50794 | Vaults:4 | Bought a scroll of fog for 48 gold pieces
 50794 | Vaults:4 | Bought a scroll of magic mapping for 84 gold pieces
 50794 | Vaults:4 | Bought a scroll of magic mapping for 84 gold pieces
 50796 | Vaults:4 | Bought a scroll of poison for 84 gold pieces
 50869 | Vaults:4 | Bought a ring of willpower for 350 gold pieces
 51149 | Elf:1    | Entered Level 1 of the Elven Halls
 51345 | Elf:1    | Reached XP level 23. HP: 180/196 MP: 23/26
 51346 | Elf:1    | Found Juraips's Book Shop.
 51378 | Elf:1    | Found Lucelewe's Jewellery Boutique.
 51729 | Elf:1    | Received a gift from Okawaru
 52786 | Elf:2    | Found a runed translucent gate.
 52786 | Elf:2    | Found a runed translucent gate.
 52786 | Elf:2    | Found a runed translucent gate.
 53117 | Depths:1 | Entered Level 1 of the Depths
 53408 | Depths:1 | Found a gateway to Hell.
 53536 | Depths:1 | Found Kuipit's Book Boutique.
 53536 | Depths:1 | Found Tuwies's Jewellery Shoppe.
 53537 | Depths:1 | Found Hoisidd's Book Boutique.
 53652 | D:15     | Bought a ring of protection from fire for 375 gold pieces
 53906 | Depths:1 | Noticed a golden dragon
 53907 | Depths:1 | Found a runed translucent door.
 53910 | Depths:1 | Noticed a golden dragon
 53911 | Depths:1 | Killed a golden dragon
 53918 | Depths:1 | Killed a golden dragon
 54142 | Depths:1 | Found a one-way gateway to a ziggurat.
 54187 | Depths:1 | Received a gift from Okawaru
 54878 | Depths:2 | Received a gift from Okawaru
 55079 | Depths:2 | Received a gift from Okawaru
 55297 | Depths:2 | Found a radiant altar of Vehumet.
 55503 | Depths:2 | Received a gift from Okawaru
 55716 | Depths:2 | Found a one-way gate leading to the halls of Pandemonium.
 55908 | Depths:2 | Received a gift from Okawaru
 56549 | Depths:3 | Found a one-way gate to the infinite horrors of the Abyss.
 56576 | Depths:3 | Reached XP level 24. HP: 214/214 MP: 24/26
 56582 | Depths:3 | Received a gift from Okawaru
 56584 | Depths:3 | Noticed a golden dragon
 56595 | Depths:3 | Killed a golden dragon
 56599 | Depths:3 | Found a transporter.
 56963 | Depths:3 | Found a transporter.
 56974 | Depths:3 | Noticed a golden dragon
 56987 | Depths:3 | Killed a golden dragon
 57223 | Depths:4 | Entered Level 4 of the Depths
 57540 | Depths:4 | Received a gift from Okawaru
 58170 | Depths:4 | Received a gift from Okawaru
 58610 | Depths:4 | Found a runed translucent door.
 58732 | Depths:4 | Reached skill level 10 in Invocations
 58973 | Depths:4 | Received a gift from Okawaru
 59009 | Depths:4 | Received a gift from Okawaru
 59406 | Depths:4 | Found a runed translucent door.
 59406 | Depths:4 | Found a runed translucent door.
 59452 | Depths:4 | Found a runed translucent door.
 59452 | Depths:4 | Found a runed translucent door.
 59462 | Depths:4 | Found a gate to the Realm of Zot.
 59496 | Depths:4 | Found a runed translucent door.
 59503 | Depths:4 | Found a runed translucent door.
 60475 | Vaults:1 | Bought a scroll of immolation for 112 gold pieces
 61241 | Slime:1  | Entered Level 1 of the Pits of Slime
 61828 | Slime:3  | Received a gift from Okawaru
 62235 | Slime:2  | Reached XP level 25. HP: 213/223 MP: 33/33
 63430 | Slime:3  | Noticed Dissolution
 63441 | Slime:4  | Killed Dissolution
 63441 | Slime:4  | Identified the +8 giant club of Putrescence {flame, SInv}
                  | (Okawaru gifted it to you on level 4 of the Pits of Slime)
 63441 | Slime:4  | Received a gift from Okawaru
 64572 | Slime:5  | Entered Level 5 of the Pits of Slime
 64668 | Slime:5  | Noticed the Royal Jelly
 64672 | Slime:5  | Found a viscous altar of Jiyva.
 64699 | Arena    | Entered the Arena
 64731 | Slime:5  | Mangled by a rockslime

Illustrated notes

Levels and vault maps discovered:
D:1:      eino_arrival_cavern_d, layout_loops_cross
D:2:      layout_basic, hellmonk_ecumenical_altar_inner_sanctum,
          chequers_serial_rivers_micro_d
D:3:      layout_loops_corners, okawaru_altar_gauntlet_db, cheibrodos_gnoll_hut
D:4:      layout_basic, minmay_temple_entry_junction, uniq_blork_the_orc
D:5:      layout_basic, marbit_many_paths, serial_shops, nicolae_shop_stone
D:6:      layout_cave_pods, trog_book
D:7:      layout_cave_pods, kennysheep_generic_room_4
D:8:      layout_cave_pods, minitemple, grunt_lair_entry_orc_guard_hut,
          minivault_26
D:9:      minmay_the_grid_net [minmay_the_grid_minigrid_medium,
          minmay_the_grid_dragon_a, minmay_the_grid_diamond_grid,
          minmay_the_grid_mess, minmay_the_grid_empty,
          minmay_the_grid_prize_four_corners], layout_loops_ring,
          hellmonk_guarded_unrand_zhor
D:10:     layout_basic, lemuel_crystal_altar,
          mainiacjoe_overflow_surrounded_room, minmay_misc_feat_chi,
          minmay_guarded_unrand_vampires_tooth
D:11:     layout_basic, minmay_orc_entry_guard_dogs, gauntlet_entry_generic
D:12:     layout_roguey, minmay_radiant
D:13:     layout_roguey, serial_glass, glass_columns_a, glass_columns_c,
          glass_columns_c, glass_columns_a, nemelex_altar_shiori
D:14:     layout_stronghold, hangedman_vaults_entry_quadrant_bands,
          serial_bayou_lagoon_a, nicolae_shop_self_help
D:15:     grunt_enter_depths_hoard, layout_small_grid,
          grunt_dithmenos_smoke_and_mirrors, serial_shops, shop, shop,
          shop_statue, roderic_serpentine_path
Lair:1:   layout_concentric_octagons
Lair:2:   layout_chaotic_city, minmay_shoals_entry_lonely_mermaid,
          spider_nest_entry_web_field, grunt_forest_large_clearings
Lair:3:   layout_chaotic_city, dreamdust_gnoll_shepherd, uniq_fannar
Lair:4:   layout_regular_city, grunt_megastairs_5, uniq_nergalle
Lair:5:   layout_loops_ring, slime_entry_1, special_room [special_room_bee],
          grunt_megastairs_4, serial_bayou_shore_b, serial_bayou_shore_b,
          serial_bayou_shore_b
Lair:6:   gammafunk_lair_ancient_temple, layout_regular_city, ldierk_geyser,
          uniq_nessos
Shoals:1: layout_shoals, nicolae_shoals_aquamancer_cove
Shoals:2: layout_shoals, serial_shops, nicolae_shop_hallway_stairs,
          nicolae_shoals_undead_eyrie, uniq_ilsuiw
Shoals:3: argonaut_golden_fleece, layout_shoals
Shoals:4: shoals_end_hellmonk_lost_city, serial_shops, uniq_polyphemus
Spider:1: nicolae_spider_hall_of_the_moth_king, nicolae_spider_circle_web
Spider:2: layout_spider_delve, nicolae_spider_swamp_cousins, uniq_nikola,
          uniq_asterion
Spider:3: layout_spider_delve, portal_ice_cave_entry_ice_statue_one,
          uniq_mlioglotl
Spider:4: hellmonk_spider_rune_endless_swarm, drop_trap
Slime:1:  layout_caves
Slime:2:  layout_caves, nicolae_slime_welcoming_committee
Slime:3:  layout_caves, uniq_dissolution
Slime:4:  layout_caves
Slime:5
Orc:1:    layout_caves, uniq_erica
Orc:2:    st_orc_open, layout_caves, serial_shops, nicolae_shop_behind_doors,
          minmay_shop_enchanted_jewellery, lemuel_statue_altar, uniq_urug,
          uniq_josephine, uniq_saint_roka
Elf:1:    eino_elf_arrival_sip, layout_loops_cross, minmay_shoptagon
Elf:2:    nicolae_elf_blades_crystal_corner, layout_rooms
Vaults:1: nicolae_vaults_alarming, vaults_room_glass_cross,
          nicolae_vaults_windows_and_doors_thing, v_alt_pattern_1,
          dpeg_vaults_monster_box, layout_vaults_quadrants,
          serial_hangedman_research, hangedman_research_convocations,
          hangedman_research_metamorphosis, hangedman_research_pyrotechnics,
          hangedman_research_toxicology, serial_shops, shop
Vaults:2: ontoclasm_vaults_bender, st_cells, ontoclasm_vaults_claustrophobia,
          vaults_room_semicircle, ontoclasm_vaults_ring_square,
          nicolae_vaults_stairing_the_circle, hangedman_vaults_slice,
          ontoclasm_vaults_hangar, nicolae_vaults_gold_heap,
          nicolae_vaults_rhombus_5, layout_vaults_chaotic_city, serial_shops,
          shop
Vaults:3: blue_anna_dwarven_crypt, vaults_room_stairs_pillars,
          ontoclasm_vaults_eye, hangedman_vaults_nodes,
          nicolae_vaults_rhombus_7, vaults_dpeg_diagonal, vaults_dpeg_hooks,
          nicolae_vaults_arrows, nicolae_vaults_ring_of_whatevers,
          nicolae_vaults_halls_meeting, nicolae_vaults_little_squares_5,
          vaults_dpeg_doors, v_misc_12, grunt_vaults_diagonal,
          layout_vaults_omnibox, serial_shops, nicolae_shop_bloodbath_and_beyond
Vaults:4: ontoclasm_vaults_fault, hangedman_vaults_river_flow, v_misc_16,
          hangedman_vaults_slither, nicolae_vaults_mini_display_case,
          nicolae_vaults_quartermaster, nicolae_vaults_little_squares_3,
          nicolae_vaults_twisting_passages, vaults_room_grid,
          layout_vaults_ring, serial_shops, shop, shop, nicolae_diamond_shop,
          shop, shop
Depths:1: layout_gridlike, enter_ziggurat_e, hell_entry, dk_noncrumbling_3,
          minmay_fountain_box, minmay_hidden_floor, minmay_shop_grove
Depths:2: minmay_textured_paths, layout_cave_pools, pf_dread_powers_of_hell,
          rand_demon_pan_entry_4, nicolae_vehumet_radiance, minivault_1
Depths:3: gammafunk_its_a_trap, layout_cave_pools, hell_entry, moated_statue,
          abyss_entry, minmay_staircase_bubble
Depths:4: evilmike_zot_entry_castle, layout_basic, hell_entry,
          kennysheep_treasure_room

Skill      XL: |  1  2  3  4  5  6  7  8  9 10 11 12 13 14 15 16 17 18 19 20 21 22 23 24 25 |
---------------+----------------------------------------------------------------------------+-----
Maces & Flails | 3 4 5 7 8 10 13 15 17 19 | 19.0
Invocations    | 4 5 13 | 13.3
Fighting       | 7 10 11 15 17 19 23 | 23.9
Armour         | 7 12 14 18 21 24 | 24.3
Evocations     | 5 6 8 11 14 | 14.3
Throwing       | 7 9 12 15 | 15.4
Air Magic      | 5 |  5.3
Shields        | |  4.0

Action                   |  1- 3 |  4- 6 |  7- 9 | 10-12 | 13-15 | 16-18 | 19-21 | 22-24 | 25-27 || total
-------------------------+-------+-------+-------+-------+-------+-------+-------+-------+-------++-------
Melee: Flail             |    90 |   171 |    72 |       |       |       |       |       |       ||   333
       Giant spiked club |       |       |    85 |   177 |   443 |   469 |   590 |   476 |   119 ||  2359
Throw: Dart              |       |       |    84 |    67 |    19 |       |       |       |       ||   170
       Stone             |       |       |       |    44 |    73 |       |       |       |       ||   117
       Javelin           |       |       |       |       |    12 |   303 |   274 |   529 |    24 ||  1142
       Throwing net      |       |       |       |       |       |     2 |     4 |       |       ||     6
       Boomerang         |       |       |       |       |       |       |    15 |    32 |       ||    47
Invok: Heroism           |       |       |     1 |    36 |    67 |    94 |   115 |   113 |     7 ||   433
       Finesse           |       |       |       |       |     2 |     5 |     2 |       |     2 ||    11
       Duel              |       |       |       |       |       |       |       |       |     1 ||     1
 Abil: Dig               |       |     1 |     1 |     1 |       |       |       |       |       ||     3
Evoke: Wand              |       |       |       |       |    46 |     4 |    16 |     6 |       ||    72
       Lightning rod     |       |       |       |       |    14 |    11 |    24 |     1 |       ||    50
       Phial of floods   |       |       |       |       |     1 |     4 |     8 |     2 |       ||    15
       Tin of tremorston |       |       |       |       |       |       |     4 |    10 |     2 ||    16
       Condenser vane    |       |       |       |       |       |       |     4 |     6 |     1 ||    11
  Use: Scroll            |     2 |     9 |     8 |     5 |     7 |     7 |     4 |     8 |     1 ||    51
       Potion            |       |     2 |       |       |     3 |     7 |     5 |     3 |     7 ||    27
 Stab: Distracted        |       |       |       |     1 |     4 |     6 |     9 |     9 |     1 ||    30
       Invisible         |       |       |       |       |     1 |     6 |       |     3 |       ||    10
Armor: Scale mail        |    45 |    80 |    38 |       |       |       |       |       |       ||   163
       Plate armour      |       |       |    37 |    71 |   292 |   366 |   396 |   201 |       ||  1363
       Gold dragon scale |       |       |       |       |       |       |       |   134 |   121 ||   255
Dodge: Dodged            |    45 |    77 |    40 |    84 |   258 |   349 |   446 |   226 |    59 ||  1584
Block: Buckler           |    28 |    47 |    15 |       |       |       |       |       |       ||    90

Table legend: (Time is in decaauts)
 A = Elapsed time spent in this place.
 B = Non-inter-level travel time spent in this place.
 C = Inter-level travel time spent in this place.
 D = Time resting spent in this place.
 E = Time spent auto-exploring this place.
 F = Levels seen in this place.
 G = Mean time per level.
                   A        B        C        D        E       F      G
               +--------+--------+--------+--------+--------+-----+--------+
         Total |  64242 |  59578 |   4664 |  20130 |  27305 |  48 | 1338.4 |
       Dungeon |  20667 |  18717 |   1950 |   4797 |  10793 |  15 | 1377.8 |
          Lair |  10781 |  10205 |    576 |   4110 |   4556 |   6 | 1796.8 |
        Shoals |   4593 |   4285 |    308 |   1096 |   1633 |   4 | 1148.2 |
   Spider Nest |   4358 |   4083 |    275 |   1266 |   1705 |   4 | 1089.5 |
    Slime Pits |   3408 |   3398 |     10 |   1920 |    895 |   5 |  681.6 |
  Orcish Mines |   2134 |   1885 |    249 |    652 |    761 |   2 | 1067.0 |
   Elven Halls |   1740 |   1626 |    114 |    371 |    781 |   2 |  870.0 |
        Vaults |   8585 |   7735 |    850 |   2576 |   3568 |   4 | 2146.2 |
        Depths |   6900 |   6571 |    329 |   2620 |   2553 |   4 | 1725.0 |
      Ice Cave |   1054 |   1054 |      0 |    708 |     57 |   1 | 1054.0 |
         Arena |     16 |     16 |      0 |     12 |      0 |   1 |   16.0 |
               +--------+--------+--------+--------+--------+-----+--------+

Top non-repeatable levels by time:
Depths:4: 2859 daAuts
Vaults:1: 2489 daAuts
Vaults:3: 2372 daAuts
     D:3: 2315 daAuts
  Lair:1: 2213 daAuts
Vaults:4: 2160 daAuts
  Lair:6: 2040 daAuts
     D:4: 1926 daAuts
  Lair:2: 1801 daAuts
     D:9: 1798 daAuts
Depths:2: 1747 daAuts
    D:11: 1717 daAuts
  Lair:3: 1633 daAuts
  Lair:4: 1617 daAuts
Depths:1: 1612 daAuts
